[Event "Titled Tuesday Blitz May 16 Late 2023"]
[White "Kielinkei"]
[Black "Melikyan, Gnel"]
[BlackFideId "54109990"]
[WhiteElo "2418"]
[BlackElo "2138"]
[Result "1-0"]
[Round "03"]
[TimeControl "180+2"]
[Date "2023.05.16"]
[WhiteClock "0:00:24"]
[BlackClock "0:00:14"]

1. Nf3 d6 2. d4 Nc6 3. e4 e5 4. dxe5 Nxe5 5. Nxe5 dxe5 6. Qxd8+ Kxd8 7. Bc4 f6 8. c3 Bd6 9. Be3 Ke7 10. Nd2 Be6 11. Ke2 a6 12. b4 Rd8 13. a4 Kf7 14. a5 Ne7 15. Rhd1 Rd7 16. Bxe6+ Kxe6 17. Nb3 Rhd8 18. Rd2 Nc6 19. Rad1 Be7 20. Rxd7 Rxd7 21. Rxd7 Kxd7 22. Bc5 Bd6 23. Kd3 Nd8 24. Bxd6 cxd6 25. Nd2 Kc6 26. Nc4 d5 27. exd5+ Kxd5 28. Ne3+ Kc6 29. Ke4 g6 30. Nd5 f5+ 31. Kxe5 Nf7+ 32. Kd4 Ng5 33. Nf6 Kd6 34. h4 Ne6+ 35. Kc4 Nf4 36. g3 Nh3 37. Nxh7 Nxf2 38. Nf8 Ne4 39. Nxg6 Nxg3 40. Kd4 Ke6 41. Nf4+ Kf6 42. c4 Ne4 43. b5 axb5 44. cxb5 Nd6 45. Kc5 Nc8 46. Nd5+ Ke5 47. Nb6 Nxb6 48. Kxb6 f4 49. a6 f3 50. axb7 1-0


[Site "https://www.chess.com"]

[Event "Titled Tuesday Blitz May 16 Late 2023"]
[White "Lozano Ramirez, Nestor Favian"]
[Black "Koellner, Ruben Gideon"]
[WhiteFideId "4412672"]
[BlackFideId "12993093"]
[WhiteElo "2254"]
[BlackElo "2314"]
[Result "0-1"]
[Round "03"]
[TimeControl "180+2"]
[Date "2023.05.16"]
[WhiteClock "0:00:13"]
[BlackClock "0:01:39"]

1. c4 d6 2. g3 Nf6 3. Bg2 e5 4. Nc3 Be7 5. e4 O-O 6. Nge2 c5 7. O-O Nc6 8. d3 Nd4 9. Nxd4 exd4 10. Ne2 Rb8 11. a4 a6 12. h3 b5 13. axb5 axb5 14. b3 Be6 15. f4 bxc4 16. bxc4 h6 17. g4 Rb6 18. Ng3 Nh7 19. Nf5 Bxf5 20. exf5 Bh4 21. Qf3 Qe7 22. Bd2 Rb3 23. Ra6 Rfb8 24. Ra8 Rxa8 25. Qxa8+ Nf8 26. Be4 Rb2 27. Bc1 Re2 28. Qb7 Qd8 29. Bf3 Rc2 30. Bd5 Qf6 31. Qc8 Qe7 32. Be4 Bg3 33. Qa8 Qh4 34. Bg2 Bf2+ 35. Kh1 Be3 36. Ba3 Ra2 0-1


[Site "https://www.chess.com"]

[Event "Titled Tuesday Blitz May 16 Late 2023"]
[White "BenchGM"]
[Black "Spata, German"]
[BlackFideId "113026"]
[WhiteElo "2414"]
[BlackElo "2260"]
[Result "1-0"]
[Round "03"]
[TimeControl "180+2"]
[Date "2023.05.16"]
[WhiteClock "0:00:14"]
[BlackClock "0:00:08"]

1. Nf3 b6 2. c4 Bb7 3. Nc3 Nf6 4. Qc2 d5 5. e3 e6 6. d4 Be7 7. b3 O-O 8. Bd3 dxc4 9. bxc4 c5 10. Bb2 cxd4 11. Nxd4 Nc6 12. O-O-O Nb4 13. Qe2 Nxd3+ 14. Qxd3 Qc7 15. Ndb5 Qc6 16. Nd4 Qc8 17. Rhg1 Rd8 18. Qe2 Ne4 19. Kb1 Nxc3+ 20. Bxc3 Ba6 21. Qg4 Bf6 22. Nc6 Rxd1+ 23. Rxd1 Qxc6 24. Bxf6 g6 25. Rd4 e5 26. Bxe5 Re8 27. Qg5 Qe6 28. f4 f6 29. Bxf6 Qxe3 30. Qd5+ Qe6 31. Qxe6+ Rxe6 32. Be5 Rc6 33. Rd8+ Kf7 34. Rd7+ Ke6 35. Rxa7 h5 36. Rxa6 Rxc4 37. Rxb6+ Kf5 38. Rf6+ Ke4 39. Rxg6 Kd3 40. Rd6+ Ke2 41. f5 Rc5 42. Re6 1-0


[Site "https://www.chess.com"]

[Event "Titled Tuesday Blitz May 16 Late 2023"]
[White "reevecanada"]
[Black "chess123456s"]
[WhiteElo "2413"]
[BlackElo "2605"]
[Result "0-1"]
[Round "03"]
[TimeControl "180+2"]
[Date "2023.05.16"]
[WhiteClock "0:00:28"]
[BlackClock "0:01:37"]

1. e4 e5 2. Nf3 Nc6 3. d4 exd4 4. Nxd4 Nf6 5. Nxc6 bxc6 6. Nd2 d5 7. Bd3 Bd6 8. O-O O-O 9. h3 Re8 10. Re1 h6 11. exd5 Rxe1+ 12. Qxe1 cxd5 13. c4 Bb7 14. cxd5 Bxd5 15. Nf1 Qd7 16. Be3 Re8 17. Qc3 Ba8 18. Bxa7 Nd5 19. Qb3 Nf4 20. Ne3 Nxd3 21. Rd1 Nf4 22. f3 Nxh3+ 23. gxh3 Qxh3 24. Rxd6 cxd6 25. Qd3 Bxf3 26. Qxd6 Rxe3 27. Bxe3 Qg2# 0-1


[Site "https://www.chess.com"]

[Event "Titled Tuesday Blitz May 16 Late 2023"]
[White "Gasparyan, David"]
[Black "Tomiello, Lucas Costamilan"]
[WhiteFideId "13311980"]
[BlackFideId "22701940"]
[WhiteElo "2411"]
[BlackElo "2085"]
[Result "0-1"]
[Round "03"]
[TimeControl "180+2"]
[Date "2023.05.16"]
[WhiteClock "0:00:10"]
[BlackClock "0:00:16"]

1. Nf3 Nf6 2. g3 g6 3. Bg2 Bg7 4. O-O O-O 5. d3 d5 6. c3 c5 7. Nbd2 Nc6 8. Qc2 e5 9. e4 h6 10. Re1 dxe4 11. Nxe4 Nxe4 12. dxe4 Be6 13. Be3 c4 14. Bc5 Re8 15. Rad1 Qc8 16. Rd2 b5 17. Red1 a5 18. a3 Rb8 19. Bd6 Rb7 20. Ne1 b4 21. cxb4 axb4 22. axb4 Nxb4 23. Qa4 Nc6 24. f4 exf4 25. e5 Bd7 26. gxf4 Nxe5 27. Bxb7 Qxb7 28. Qa3 Ng4 29. Bc5 Bf5 30. Qg3 Qc6 31. Bd4 Bxd4+ 32. Rxd4 Qc5 33. Kh1 Be4+ 34. Ng2 Bxg2+ 35. Qxg2 Ne3 36. Qd2 Nxd1 37. Qxd1 Qc6+ 38. Kg1 Qc5 39. Kh1 Kg7 40. Qd2 h5 41. Qc3 Kh7 42. Qxc4 Re1+ 43. Kg2 Qe7 44. Rd2 h4 45. h3 Re3 46. Rf2 Rg3+ 47. Kh2 Qd7 48. f5 g5 49. Qe4 f6 50. Qe6 Qxe6 51. fxe6 Kg7 52. e7 Re3 53. Re2 Rxe2+ 54. Kg1 Rxe7 55. b4 Rb7 56. b5 Kf7 57. Kg2 f5 58. Kf3 Kf6 59. b6 Rxb6 60. Kg2 Ke5 61. Kh1 Rb3 62. Kg2 Kf4 63. Kh2 Kf3 64. Kg1 Rb2 65. Kf1 Rb1# 0-1


[Site "https://www.chess.com"]

[Event "Titled Tuesday Blitz May 16 Late 2023"]
[White "Eugene, Floryan"]
[Black "Malicka, Maria"]
[WhiteFideId "20694784"]
[BlackFideId "1197576"]
[WhiteElo "2369"]
[BlackElo "2227"]
[Result "1-0"]
[Round "03"]
[TimeControl "180+2"]
[Date "2023.05.16"]
[WhiteClock "0:02:06"]
[BlackClock "0:01:24"]

1. e4 c5 2. Nf3 d6 3. c3 Nf6 4. Be2 g6 5. h3 Bg7 6. O-O O-O 7. d3 b5 8. Re1 Bb7 9. Bf1 Nbd7 10. Bf4 a5 11. Nbd2 b4 12. e5 Nh5 13. Bh2 dxe5 14. Nxe5 Nxe5 15. Bxe5 Nf6 16. Nc4 Qd5 17. Nb6 Qc6 18. Nxa8 Rxa8 19. Rc1 Rd8 20. d4 Rd5 21. cxb4 axb4 22. Rxc5 Rxc5 23. dxc5 Qxc5 24. Qd8+ Bf8 25. Bxf6 exf6 26. Re8 Kg7 27. Qb8 Qb6 28. Rxf8 1-0


[Site "https://www.chess.com"]

[Event "Titled Tuesday Blitz May 16 Late 2023"]
[White "Mazurkiewicz, Michal"]
[Black "Tarlabasi, Emirhan"]
[WhiteFideId "1124943"]
[BlackFideId "6350275"]
[WhiteElo "2054"]
[BlackElo "2200"]
[Result "0-1"]
[Round "03"]
[TimeControl "180+2"]
[Date "2023.05.16"]
[WhiteClock "0:00:00"]
[BlackClock "0:00:12"]

1. e4 e6 2. d3 d5 3. Nd2 c5 4. Ngf3 Nf6 5. g3 Nc6 6. Bg2 Be7 7. O-O O-O 8. e5 Nd7 9. Re1 Qc7 10. Qe2 b5 11. h4 Bb7 12. Nf1 Rfc8 13. Bf4 a5 14. Ne3 Qd8 15. h5 h6 16. Ng4 Bf8 17. Ngh2 b4 18. g4 Nd4 19. Nxd4 cxd4 20. Nf3 Rc7 21. Nxd4 Rac8 22. Rac1 Be7 23. Nb5 Rc5 24. d4 Rc4 25. b3 R4c6 26. Na7 Ba6 27. Nxc6 Rxc6 28. Qd2 Rc3 29. Re3 Qc8 30. Rxc3 bxc3 31. Qe3 Nf8 32. g5 hxg5 33. Bxg5 Ba3 34. Re1 Nh7 35. h6 g6 36. Qf4 Qc7 37. Re3 Bc1 38. Bf6 Qb6 39. Bg7 Qb4 40. Qh4 g5 41. Qg3 Qxd4 42. Re1 Bf4 43. Qf3 g4 44. Qd1 Bd2 45. Bf1 g3 46. Re2 Bxe2 47. Qxe2 gxf2+ 48. Kg2 Be3 49. Qh5 Qe4+ 50. Qf3 Ng5 51. Qxe4 dxe4 52. Ba6 Nf3 53. Kf1 Nd2+ 54. Kg2 Kh7 0-1


[Site "https://www.chess.com"]

[Event "Titled Tuesday Blitz May 16 Late 2023"]
[White "D`Arruda, Ricardo D."]
[Black "Adan Bermudez, Sergio"]
[WhiteFideId "100692"]
[BlackFideId "2292726"]
[WhiteElo "2403"]
[BlackElo "2292"]
[Result "1/2-1/2"]
[Round "03"]
[TimeControl "180+2"]
[Date "2023.05.16"]
[WhiteClock "0:00:59"]
[BlackClock "0:00:13"]

1. Nf3 d6 2. d4 g6 3. Nc3 Bg7 4. e4 a6 5. Bg5 h6 6. Bh4 Nf6 7. Qd2 b5 8. Bd3 Bb7 9. a3 c5 10. e5 cxd4 11. exf6 dxc3 12. Qxc3 Bxf6 13. Bxf6 exf6 14. O-O-O O-O 15. Rhe1 Nd7 16. Qd4 Ne5 17. Be2 Rc8 18. Qxd6 Qxd6 19. Rxd6 Be4 20. c3 Bxf3 21. gxf3 Rfd8 22. Rxa6 Re8 23. Rd1 Nc4 24. Bxc4 bxc4 25. Rxf6 Re2 26. Rd2 Re1+ 27. Kc2 Rce8 28. Rc6 Rh1 29. a4 Ree1 30. Rxc4 Rxh2 31. a5 Ra1 32. b4 Rh3 33. Kb2 Rhh1 34. Rcd4 Rhb1+ 35. Kc2 Rc1+ 36. Kb3 h5 37. b5 Rxa5 38. Rb4 Ra8 39. b6 Rb8 40. Rb2 h4 41. b7 h3 42. Rh4 Rxb7+ 43. Ka2 Ra7+ 44. Kb3 Rb7+ 45. Ka2 Ra7+ 46. Kb3 Rb7+ 1/2-1/2


[Site "https://www.chess.com"]

[Event "Titled Tuesday Blitz May 16 Late 2023"]
[White "Gatterer, Florian"]
[Black "Adla, Diego"]
[WhiteFideId "811688"]
[BlackFideId "100072"]
[WhiteElo "2221"]
[BlackElo "2377"]
[Result "1/2-1/2"]
[Round "03"]
[TimeControl "180+2"]
[Date "2023.05.16"]
[WhiteClock "0:00:20"]
[BlackClock "0:01:55"]

1. Nf3 d5 2. g3 Nd7 3. d4 Nb6 4. Bg2 Bf5 5. a4 a5 6. Nbd2 h6 7. O-O e6 8. Ne5 Nf6 9. Re1 Be7 10. c3 O-O 11. e4 Bh7 12. exd5 exd5 13. Ng4 Bd6 14. Nxf6+ Qxf6 15. Nb3 c6 16. Nc5 Bxc5 17. dxc5 Nd7 18. Be3 Rfe8 19. Bd4 Qf5 20. Qd2 Ne5 21. Bxe5 Rxe5 22. Rxe5 Qxe5 23. Re1 Qf6 24. Bf1 Kf8 25. Bd3 Bxd3 26. Qxd3 Re8 27. Rxe8+ Kxe8 28. Qh7 Ke7 29. Qg8 Qg5 30. Qb8 Qc1+ 31. Kg2 Qxb2 32. Qd6+ Ke8 33. Qb8+ Kd7 34. Qd6+ Kc8 35. Qf8+ Kc7 36. Qd6+ Kc8 37. Qf8+ Kc7 38. Qd6+ Kc8 1/2-1/2


[Site "https://www.chess.com"]

[Event "Titled Tuesday Blitz May 16 Late 2023"]
[White "Wadsworth, Matthew J"]
[Black "Kalajzic, Ivan"]
[WhiteFideId "415804"]
[BlackFideId "14506378"]
[WhiteElo "2347"]
[BlackElo "2203"]
[Result "1/2-1/2"]
[Round "03"]
[TimeControl "180+2"]
[Date "2023.05.16"]
[WhiteClock "0:00:39"]
[BlackClock "0:00:55"]

1. c4 Nc6 2. g3 e5 3. Nc3 Bc5 4. Bg2 d6 5. Nf3 Bg4 6. O-O Qd7 7. a3 a5 8. e3 Nf6 9. b3 O-O 10. Bb2 Rfe8 11. d3 Bh3 12. d4 Bxg2 13. Kxg2 exd4 14. exd4 Bb6 15. d5 Ne5 16. Nxe5 Rxe5 17. Na4 Re7 18. Bxf6 gxf6 19. Nxb6 cxb6 20. Qd4 Qf5 21. Rae1 Rae8 22. Rxe7 Rxe7 23. Qxb6 Qe4+ 24. Kg1 a4 25. bxa4 Kg7 26. Qxd6 Re5 27. Qc7 Re7 28. Qc5 b6 29. Qb5 Rc7 30. Rc1 Rc5 31. Qxb6 Rxc4 32. Rxc4 Qxc4 33. d6 Qd3 34. h4 Qd1+ 35. Kh2 Kg6 36. Qb4 f5 37. a5 Qf1 38. d7 Qxf2+ 39. Kh3 Qf1+ 40. Kh2 Qf2+ 41. Kh1 Qf1+ 42. Kh2 Qf2+ 1/2-1/2


[Site "https://www.chess.com"]

[Event "Titled Tuesday Blitz May 16 Late 2023"]
[White "Lima, Kleyton Alcantara"]
[Black "Boor, Carl"]
[WhiteFideId "22718397"]
[BlackFideId "2017008"]
[WhiteElo "2009"]
[BlackElo "2330"]
[Result "0-1"]
[Round "03"]
[TimeControl "180+2"]
[Date "2023.05.16"]
[WhiteClock "0:00:04"]
[BlackClock "0:00:14"]

1. e4 e5 2. Nf3 Nf6 3. Nxe5 d6 4. Nf3 Nxe4 5. d4 d5 6. Bd3 Bf5 7. O-O Be7 8. Re1 O-O 9. c4 Nc6 10. Nc3 Nxc3 11. bxc3 Bxd3 12. Qxd3 dxc4 13. Qxc4 Bd6 14. Rb1 Rb8 15. d5 Na5 16. Qd3 h6 17. Nd4 Qf6 18. Nf5 Rfe8 19. Be3 b6 20. Bd4 Be5 21. c4 Nb7 22. Bxe5 Rxe5 23. Rxe5 Qxe5 24. h3 Re8 25. Rd1 Nc5 26. Qf3 Kh7 27. d6 g6 28. d7 Rd8 29. Nxh6 Kxh6 30. Qxf7 Qe6 31. Qf4+ Kg7 32. Qxc7 Rxd7 33. Rxd7+ Qxd7 34. Qe5+ Kh7 35. g3 Qf7 36. Qe3 Kg7 37. h4 Qf6 38. Kg2 Qc6+ 39. Kh2 Ne6 40. Qe5+ Kf7 41. h5 gxh5 42. Qxh5+ Ke7 43. Qh7+ Kd6 44. Qxa7 Ng5 45. Qb8+ Ke6 46. Qg8+ Kf6 47. Qh8+ Kg6 48. Qg8+ Kf6 49. Qh8+ Kf7 50. Qd4 Nf3+ 0-1


[Site "https://www.chess.com"]

[Event "Titled Tuesday Blitz May 16 Late 2023"]
[White "KVAIDAN"]
[Black "Ismagilov, Damir"]
[BlackFideId "34199982"]
[WhiteElo "2386"]
[BlackElo "2143"]
[Result "0-1"]
[Round "03"]
[TimeControl "180+2"]
[Date "2023.05.16"]
[WhiteClock "0:00:50"]
[BlackClock "0:01:02"]

1. f4 c5 2. Nf3 d5 3. e3 Nf6 4. Be2 g6 5. O-O Bg7 6. d3 O-O 7. Kh1 Nc6 8. a4 b6 9. Ne5 Bb7 10. Nxc6 Bxc6 11. Bf3 Nd7 12. Nc3 e6 13. Qe1 a6 14. e4 d4 15. Ne2 b5 16. axb5 axb5 17. Rxa8 Qxa8 18. Qh4 f5 19. Ng3 Nf6 20. Re1 Qb7 21. c3 Ra8 22. cxd4 cxd4 23. Bd2 b4 24. Kg1 Ra2 25. Rc1 Rxb2 26. e5 Bxf3 27. exf6 Rxd2 28. fxg7 Rxg2+ 29. Kf1 Be2+ 30. Ke1 Rg1+ 31. Kxe2 Qg2# 0-1


[Site "https://www.chess.com"]

[Event "Titled Tuesday Blitz May 16 Late 2023"]
[White "Hnydiuk, Aleksander"]
[Black "QuiesPrecatio"]
[WhiteFideId "1109057"]
[WhiteElo "2374"]
[BlackElo "2383"]
[Result "0-1"]
[Round "03"]
[TimeControl "180+2"]
[Date "2023.05.16"]
[WhiteClock "0:00:16"]
[BlackClock "0:00:16"]

1. d4 Nf6 2. c4 g6 3. Nc3 d5 4. cxd5 Nxd5 5. e4 Nxc3 6. bxc3 Bg7 7. Bc4 c5 8. Ne2 Nc6 9. Be3 O-O 10. O-O Bg4 11. f3 Na5 12. Bd3 cxd4 13. cxd4 Be6 14. d5 Bxa1 15. Qxa1 f6 16. Bh6 Re8 17. h4 Bf7 18. h5 Rc8 19. Kh1 Nc4 20. Nf4 a6 21. g4 Ne5 22. g5 Qd7 23. Be2 Rc2 24. Rf2 Rec8 25. Kg2 gxh5 26. Qd4 Qd6 27. Nh3 Qc5 28. Qd1 Rc1 29. Qd2 Qc3 30. Qf4 Ng6 31. Qg3 Qe1 32. Bf1 R8c2 33. Rxc2 Qxf1+ 0-1


[Site "https://www.chess.com"]

[Event "Titled Tuesday Blitz May 16 Late 2023"]
[White "mohsengabr2002"]
[Black "Bernabeu Lopez, Carlos Javier"]
[BlackFideId "2235366"]
[WhiteElo "2365"]
[BlackElo "2344"]
[Result "1/2-1/2"]
[Round "03"]
[TimeControl "180+2"]
[Date "2023.05.16"]
[WhiteClock "0:00:18"]
[BlackClock "0:00:53"]

1. e4 e5 2. d3 Nc6 3. g3 Nf6 4. Bg2 d5 5. exd5 Nxd5 6. Nc3 Nxc3 7. bxc3 Bc5 8. Nf3 O-O 9. O-O Bg4 10. h3 Bh5 11. Qe1 Bd6 12. Bg5 f6 13. Be3 Qd7 14. Nd2 Rae8 15. Qb1 b6 16. Qb5 Nb8 17. Qxd7 Nxd7 18. Bc6 Rd8 19. a4 Nb8 20. Bg2 a5 21. Nc4 Bf7 22. Nxd6 Rxd6 23. c4 c5 24. f4 Nc6 25. Rab1 Nd4 26. Rb2 exf4 27. Bxf4 Ne2+ 28. Kh2 Nxf4 29. Rxf4 Re8 30. Rf2 Re1 31. Be4 g6 32. g4 Kg7 33. Kg3 Re3+ 34. Kg2 Be8 35. Ra2 Bd7 36. Rf3 Re2+ 37. Rf2 Rxf2+ 38. Kxf2 f5 39. gxf5 Bxf5 40. Bxf5 gxf5 41. Ke3 Kf6 42. Kf4 Rd4+ 43. Ke3 Ke5 44. c3 Rd6 45. Rf2 Rh6 46. Rf3 Rh4 47. d4+ Ke6 48. Kd3 Rh5 49. Re3+ Kd6 50. d5 Rg5 51. Re6+ Kc7 52. Rh6 Rg3+ 53. Kd2 f4 54. Rxh7+ Kc8 55. h4 Rh3 56. h5 Rh2+ 57. Kd3 f3 58. Ke3 f2 59. Rf7 Rxh5 60. Rxf2 Rh1 61. Rf7 Rc1 62. Kd3 Ra1 63. d6 Rd1+ 64. Ke4 Rxd6 65. Ke5 Rh6 66. Kd5 Kb8 67. Rd7 Rg6 68. Rd6 Rg5+ 69. Kc6 Ka7 70. Rd7+ Ka6 71. Rd6 Rg4 72. Rd8 Rg6+ 73. Rd6 Rg8 74. Kc7 Rg7+ 75. Rd7 Rg4 76. Rd6 Rxc4 77. Rxb6+ Ka7 78. Rb7+ Ka6 79. Rb6+ Ka7 80. Rb7+ Ka6 81. Rb6+ 1/2-1/2


[Site "https://www.chess.com"]

[Event "Titled Tuesday Blitz May 16 Late 2023"]
[White "Buchenau, Frank"]
[Black "Omranalhosani21"]
[WhiteFideId "4604350"]
[WhiteElo "2157"]
[BlackElo "2576"]
[Result "1-0"]
[Round "03"]
[TimeControl "180+2"]
[Date "2023.05.16"]
[WhiteClock "0:00:55"]
[BlackClock "0:00:02"]

1. e4 e5 2. Nf3 Nc6 3. Bc4 Bc5 4. c3 Nf6 5. d3 O-O 6. O-O a6 7. Bb3 h6 8. Re1 d6 9. Nbd2 Kh8 10. Nf1 Ba7 11. Ng3 Be6 12. d4 Bg4 13. Be3 d5 14. h3 exd4 15. Bxh6 Bxf3 16. Bxg7+ Kxg7 17. Nf5+ Kh7 18. Qxf3 Rg8 19. exd5 dxc3 20. dxc6 Rg6 21. Bxf7 Qd2 22. Bxg6+ Kxg6 23. Qg3+ Kxf5 24. Re5# 1-0


[Site "https://www.chess.com"]

[Event "Titled Tuesday Blitz May 16 Late 2023"]
[White "Colbow, Collin"]
[Black "Vaglio Munoz, Jaime"]
[WhiteFideId "16201132"]
[BlackFideId "6500145"]
[WhiteElo "2351"]
[BlackElo "2199"]
[Result "0-1"]
[Round "03"]
[TimeControl "180+2"]
[Date "2023.05.16"]
[WhiteClock "0:00:12"]
[BlackClock "0:00:32"]

1. Nf3 b5 2. g3 Bb7 3. Bg2 a6 4. O-O g6 5. d3 Bg7 6. e4 d6 7. c3 Nd7 8. Be3 Ngf6 9. Re1 c5 10. h3 O-O 11. Nbd2 e5 12. Nf1 h6 13. Qd2 Kh7 14. g4 d5 15. g5 hxg5 16. Bxg5 dxe4 17. dxe4 Qc7 18. Ng3 c4 19. Rad1 Nc5 20. Nh2 Rad8 21. Qe3 Rxd1 22. Rxd1 Nd3 23. Rd2 Re8 24. h4 Nf4 25. Bf3 Nh3+ 26. Kg2 Nxg5 27. hxg5 Nd7 28. Ng4 Nc5 29. Rd1 Kg8 30. Nf6+ Kf8 31. Nxe8 Kxe8 32. Be2 Bf8 33. f3 Ne6 34. Qd2 Be7 35. Kh2 Nxg5 36. a4 Qc8 37. Nf1 Qh3+ 38. Kg1 Bc8 39. axb5 Ne6 40. Qe3 Nf4 41. Qf2 axb5 42. Rd2 Be6 43. Ne3 Qh5 44. Bf1 Qg5+ 45. Ng2 Nh3+ 46. Kh1 Nxf2+ 47. Rxf2 Bc5 48. Re2 Qh6+ 49. Nh4 Qxh4+ 50. Kg2 Qg5+ 51. Kh2 Qf4+ 52. Kg2 g5 53. Re1 g4 54. Be2 gxf3+ 55. Bxf3 Bh3+ 56. Kxh3 Qxf3+ 57. Kh4 Qf2+ 58. Kg5 Qxe1 59. b4 Qxe4 60. bxc5 Qd5 61. c6 Qxc6 62. Kf5 e4 63. Kf4 b4 64. Ke3 b3 65. Kf4 b2 66. Ke5 b1=Q 67. Kd4 e3 68. Ke5 e2 69. Kd4 Qbe4# 0-1


[Site "https://www.chess.com"]

[Event "Titled Tuesday Blitz May 16 Late 2023"]
[White "Denishev, Marat"]
[Black "Stachanczyk, Jacek"]
[WhiteFideId "24131563"]
[BlackFideId "1116657"]
[WhiteElo "2311"]
[BlackElo "2084"]
[Result "1-0"]
[Round "03"]
[TimeControl "180+2"]
[Date "2023.05.16"]
[WhiteClock "0:00:47"]
[BlackClock "0:00:19"]

1. e4 c5 2. Nf3 d6 3. d4 cxd4 4. Nxd4 Nf6 5. Nc3 g6 6. f4 Bg7 7. Bb5+ Bd7 8. e5 Nh5 9. e6 Bxb5 10. exf7+ Kxf7 11. Ndxb5 Nf6 12. Be3 Nc6 13. O-O Qd7 14. Nd5 a6 15. Nb6 Qg4 16. Nxa8 axb5 17. Nc7 Qxd1 18. Rfxd1 b4 19. Rab1 Rc8 20. Nd5 Ng4 21. Bb6 e6 22. Ne3 Nxe3 23. Bxe3 d5 24. c3 bxc3 25. bxc3 Bxc3 26. Rxb7+ Kf6 27. Rc1 d4 28. Bf2 Ra8 29. g4 Rxa2 30. Bh4+ g5 31. Bxg5+ Kg6 32. Rb6 Nb4 33. Rxe6+ Kg7 34. f5 Nd3 35. Rb1 Nc5 36. Re7+ 1-0


[Site "https://www.chess.com"]

[Event "Titled Tuesday Blitz May 16 Late 2023"]
[White "Moore, Nicholas"]
[Black "Peatman, Carter"]
[WhiteFideId "4303709"]
[BlackFideId "2096480"]
[WhiteElo "2572"]
[BlackElo "2003"]
[Result "1-0"]
[Round "03"]
[TimeControl "180+2"]
[Date "2023.05.16"]
[WhiteClock "0:00:05"]
[BlackClock "0:00:04"]

1. d4 d5 2. c4 e6 3. Nf3 Nf6 4. g3 Bb4+ 5. Bd2 Be7 6. Bg2 O-O 7. O-O c6 8. Qc2 b6 9. Rd1 Bb7 10. b3 Nbd7 11. Nc3 Rc8 12. e4 dxe4 13. Ng5 c5 14. d5 exd5 15. cxd5 Nxd5 16. Ngxe4 Qc7 17. Nxd5 Bxd5 18. Bc3 Be6 19. h4 Rfd8 20. Re1 Nf8 21. Qb2 f6 22. h5 h6 23. Nd2 Bf7 24. Bf3 Rd6 25. Nc4 Bxc4 26. bxc4 Kh8 27. Be4 Rcd8 28. Qe2 Ne6 29. Qg4 Nd4 30. Rad1 Bf8 31. Bb1 Qd7 32. Qh4 Nc6 33. Rxd6 Nd4 34. Rxd7 Rxd7 35. Bxd4 Re7 36. Rxe7 Bxe7 37. Qe4 Bd6 38. Qh7# 1-0


[Site "https://www.chess.com"]

[Event "Titled Tuesday Blitz May 16 Late 2023"]
[White "Spitzl, Vinzent"]
[Black "Roman, Rodrigo"]
[WhiteFideId "12901253"]
[BlackFideId "3701220"]
[WhiteElo "2225"]
[BlackElo "1995"]
[Result "1-0"]
[Round "03"]
[TimeControl "180+2"]
[Date "2023.05.16"]
[WhiteClock "0:00:08"]
[BlackClock "0:00:01"]

1. e4 c5 2. Nf3 Nc6 3. d4 cxd4 4. Nxd4 e5 5. Nb5 d6 6. c4 Be7 7. N1c3 a6 8. Na3 f5 9. exf5 Bxf5 10. Bd3 Be6 11. O-O Nf6 12. h3 O-O 13. Be3 Qd7 14. Nc2 Rae8 15. Kh2 Bd8 16. Qd2 Ba5 17. a3 Bc7 18. Ne4 d5 19. cxd5 Qxd5 20. f3 Rd8 21. Rad1 Nd4 22. Nb4 Qd7 23. Kg1 a5 24. Nc2 Nb5 25. Nc5 Qc6 26. Qe2 Nd4 27. Bxd4 Rxd4 28. Nxe6 Qxe6 29. Nxd4 Qb6 30. Qf2 exd4 31. Bc4+ Kh8 32. Rxd4 Bd6 33. Rfd1 Bc5 34. Kf1 Bxd4 35. Qxd4 Qc7 36. Kg1 Qg3 37. Qd6 Qxd6 38. Rxd6 Rc8 39. b3 h6 40. Rb6 Rc7 41. a4 Nd7 42. Rb5 b6 43. Rd5 Nc5 44. Rd4 g6 45. Kf2 Kg7 46. f4 Rb7 47. g4 Re7 48. Kf3 Re1 49. Rd6 Rb1 50. Rxb6 Nxa4 51. Rb7+ Kh8 52. Rb8+ Kg7 53. Rg8+ Kh7 54. bxa4 Rc1 55. Rc8 Rc3+ 56. Ke4 Rxh3 57. Rc7+ Kh8 58. Ke5 Rf3 59. f5 gxf5 60. gxf5 h5 61. Kf6 Rg3 62. Rc8+ Kh7 63. Rc7+ Kh6 64. Ke6 Re3+ 65. Kf7 Rg3 66. f6 h4 67. Be2 h3 68. Rc5 Rg4 69. Bxg4 h2 70. Rh5# 1-0


[Site "https://www.chess.com"]

[Event "Titled Tuesday Blitz May 16 Late 2023"]
[White "Szente Varga, Fruzsina"]
[Black "koncheto"]
[WhiteFideId "712264"]
[WhiteElo "1994"]
[BlackElo "2566"]
[Result "0-1"]
[Round "03"]
[TimeControl "180+2"]
[Date "2023.05.16"]
[WhiteClock "0:00:04"]
[BlackClock "0:01:32"]

1. e4 d5 2. exd5 Qxd5 3. Nc3 Qa5 4. d4 c6 5. Bc4 Nf6 6. Bd2 Qc7 7. Nf3 Bf5 8. h3 e6 9. g4 Bg6 10. Ne5 Bd6 11. Nxg6 hxg6 12. Qe2 Nbd7 13. g5 Nh5 14. Bxe6 fxe6 15. Qxe6+ Kd8 16. O-O-O Bf4 17. Qxg6 Qd6 18. Qd3 Kc7 19. d5 Rhf8 20. Kb1 Rae8 21. Bxf4 Nxf4 22. Qc4 Qc5 23. Qa4 Nb6 24. Qb3 Nbxd5 25. Nxd5+ Nxd5 26. c4 Nb6 27. Qg3+ Qe5 28. Qa3 Rxf2 29. c5 Nc4 0-1


[Site "https://www.chess.com"]

[Event "Titled Tuesday Blitz May 16 Late 2023"]
[White "Romkachess"]
[Black "Silvestre, Christian"]
[BlackFideId "30956269"]
[WhiteElo "2558"]
[BlackElo "2323"]
[Result "1/2-1/2"]
[Round "03"]
[TimeControl "180+2"]
[Date "2023.05.16"]
[WhiteClock "0:00:13"]
[BlackClock "0:00:12"]

1. e4 e6 2. d4 c5 3. Nf3 cxd4 4. Nxd4 a6 5. Be3 Nf6 6. Nd2 d5 7. e5 Nfd7 8. f4 Nc6 9. c3 Nxd4 10. Bxd4 b5 11. Bd3 Bb7 12. O-O Bc5 13. f5 Bxd4+ 14. cxd4 Qb6 15. Nf3 Nxe5 16. Nxe5 Qxd4+ 17. Kh1 Qxe5 18. fxe6 fxe6 19. Rc1 Rc8 20. Rxc8+ Bxc8 21. Qf3 Bd7 22. Qf2 Kd8 23. Re1 Qd6 24. Qh4+ Qe7 25. Qd4 Qd6 26. Qxg7 Rf8 27. Qd4 Rf4 28. Qa7 Qc7 29. Qxa6 Rh4 30. h3 Qg3 31. Qa5+ Ke8 32. Bf1 e5 33. Qc3 Qxc3 34. bxc3 b4 35. Rxe5+ Kd8 36. cxb4 Rxb4 37. Rxd5 Rb2 38. a4 Rb1 39. Kg1 Ke7 40. Kf2 Bxa4 41. Bd3 Bc6 42. Re5+ Kd6 43. Bxb1 Kxe5 44. Bxh7 Kf4 45. g3+ Kg5 46. h4+ Kh6 47. Bc2 Bd7 48. Ke3 Bh3 49. Kf4 Be6 50. g4 Bxg4 51. Kxg4 Kg7 52. Kg5 Kh8 53. h5 Kg8 54. h6 Kh8 55. Kg6 Kg8 56. h7+ Kh8 57. Kh6 1/2-1/2


[Site "https://www.chess.com"]

[Event "Titled Tuesday Blitz May 16 Late 2023"]
[White "Shtivelband, Richard"]
[Black "Roberson, Peter T"]
[WhiteFideId "2017342"]
[BlackFideId "412384"]
[WhiteElo "2309"]
[BlackElo "2346"]
[Result "0-1"]
[Round "03"]
[TimeControl "180+2"]
[Date "2023.05.16"]
[WhiteClock "0:00:00"]
[BlackClock "0:00:03"]

1. e4 e5 2. Nf3 Nc6 3. Bb5 Nf6 4. Nc3 Bd6 5. d3 O-O 6. h3 Re8 7. O-O h6 8. Ne2 Bf8 9. Ng3 Ne7 10. c3 c6 11. Ba4 Ng6 12. Re1 d5 13. exd5 Qxd5 14. d4 e4 15. Bb3 Qd6 16. Nh2 Bd7 17. Ng4 Bxg4 18. hxg4 Nf4 19. Nf5 Qc7 20. g3 Nd3 21. Re3 Nd5 22. Bxd5 cxd5 23. Kg2 g6 24. Nh4 Be7 25. Rxd3 exd3 26. Bxh6 Qc4 27. Qf3 Rac8 28. Bd2 Bxh4 29. gxh4 Re4 30. Rh1 Qc6 31. h5 Qe6 32. Rh4 gxh5 33. Bf4 d2 34. gxh5 Kf8 35. h6 Ke7 36. h7 Rh8 37. Qd3 Qg6+ 38. Kh2 Rxf4 0-1


[Site "https://www.chess.com"]

[Event "Titled Tuesday Blitz May 16 Late 2023"]
[White "Rodriguez Santiago, Jaime"]
[Black "Filgueira, Hernan"]
[WhiteFideId "3100898"]
[BlackFideId "101770"]
[WhiteElo "2025"]
[BlackElo "2363"]
[Result "1-0"]
[Round "03"]
[TimeControl "180+2"]
[Date "2023.05.16"]
[WhiteClock "0:00:17"]
[BlackClock "0:00:00"]

1. c4 c6 2. d4 d5 3. cxd5 cxd5 4. Bf4 Nc6 5. e3 Nf6 6. Nc3 e6 7. Bd3 Be7 8. g4 h6 9. h4 a6 10. Qf3 Qb6 11. Rb1 g6 12. Nge2 Bd7 13. Kf1 Nb4 14. Nc1 Rc8 15. Kg2 Nxd3 16. Nxd3 Ne4 17. Ne5 Nd2 18. Qe2 Nxb1 19. Nxb1 Rh7 20. Qf3 Qxb2 21. Bxh6 Rc1 22. Rxc1 Qxc1 23. g5 Qxb1 24. h5 1-0


[Site "https://www.chess.com"]